 Dungeon Crawl Stone Soup version 0.25-a0-663-gace7076f2c (webtiles) character file.

Game seed: 10656750456060792712, levelgen mode: deterministic

45 EF25 the Stinger (level 3, -3/19 HPs)
             Began as a Tengu Venom Mage on Mar 24, 2020.
             Slain by a gnoll
             ... wielding a +0 flail
              (13 damage)
             ... on level 2 of the Dungeon.
             The game lasted 00:18:31 (837 turns).

EF25 the Stinger (Tengu Venom Mage)                  Turns: 837, Time: 00:18:31

Health: -3/19      AC:  2    Str:  8    XL:     3   Next: 64%
Magic:  1/7        EV: 13    Int: 16    God:
Gold:   59         SH:  0    Dex: 14    Spells: 6/7 levels left

rFire    . . .     SeeInvis .   d - +0 short sword
rCold    . . .     Gourm    .   (no shield)
rNeg     . . .     Faith    .   a - +0 robe
rPois    .         Spirit   .   (helmet restricted)
rElec    .         Reflect  .   (no cloak)
rCorr    .         Harm     .   (no gloves)
MR       .....                  (boots unavailable)
Stlth    ++........             (no amulet)
HPRegen  0.06/turn              (no ring)
MPRegen  0.10/turn              (no ring)

@: no status effects
A: beak, talons 3
a: no special abilities


You were on level 2 of the Dungeon.
You were not hungry.

You visited 1 branch of the dungeon, and saw 2 of its levels.

You collected 59 gold pieces.

Inventory:

Hand Weapons
 d - a +0 short sword (weapon)
Missiles
 e - 20 bolts
Armour
 a - a +0 robe (worn)
Potions
 b - a potion of magic {unknown}
 f - a potion of brilliance {unknown}
 h - a potion of degeneration {unknown}
Comestibles
 c - 3 rations


   Skills:
 + Level 2.4 Dodging
 + Level 2.1 Stealth
 + Level 2.6 Spellcasting
 + Level 1.1 Transmutations
 + Level 3.6 Poison Magic


You had 6 spell levels left.
You knew the following spells:

 Your Spells              Type           Power        Failure   Level  Hunger
a - Sting                 Tmut/Pois      #...         8%          1    #......

Your spell library contained the following spells:

 Spells                   Type           Power        Failure   Level  Hunger
 Poisonous Vapours        Pois/Air       #.....       14%         2    ##.....
 Ignite Poison            Fire/Tmut/Pois #.......     30%         3    ###....
 Mephitic Cloud           Conj/Pois/Air  #.......     34%         3    ###....
 Olgreb's Toxic Radiance  Pois           ##......     41%         4    #####..


Dungeon Overview and Level Annotations

Branches:
Dungeon (2/15)

Altars:


Innate Abilities, Weirdness & Mutations

You have a beak for a mouth.
You have claws for feet.


Message History

The gnoll is moderately wounded.
The hobgoblin misses you. The gnoll hits you with a +0 flail.
Casting: Sting (safe; 8% risk of failure)
Confirm with . or Enter, or press ? or * to list all spells.
Aiming: Sting (safe; 8% risk of failure)
Press: ? - help, Shift-Dir - straight line, f - hobgoblin
Aim: a hobgoblin The sting hits the hobgoblin.
The hobgoblin is poisoned.
The hobgoblin is heavily wounded.
The hobgoblin hits you but does no damage.
You closely miss the hobgoblin. Your kick misses the hobgoblin.
The hobgoblin is heavily wounded.
The hobgoblin barely misses you.
You hit the hobgoblin.
You kill the hobgoblin!
You closely miss the gnoll. You claw the gnoll.
The gnoll is heavily wounded.
The gnoll hits you with a +0 flail!
Ouch! That really hurt!
You die...

...#..###.####.#
...... #.# #.#
#...## .#.# #.# ###.
....###)### ##
..........#
#..#####..### ..
#.)..# #.#.##
##g#.### # #.#..#
##@#...# .# #.##.#
#....#.# ..#
##.##.###....#...
... #............#
###
...####............#
......#......).)...#
...##...)...)......#
... ###............#
..# #............#


You could see a gnoll.

Vanquished Creatures
  2 gnolls (D:2)
  A dart slug (D:1)
  3 leopard geckos (D:1)
  2 bats (D:1)
  5 goblins
  4 hobgoblins
  A frilled lizard (D:1)
  2 rats
20 creatures vanquished.

Notes
Turn   | Place    | Note
-------+----------+-------------------------------------------
     0 | D:1      | EF25 the Tengu Venom Mage began the quest for the Orb.
     0 | D:1      | Reached XP level 1. HP: 10/10 MP: 4/4
   265 | D:1      | Reached XP level 2. HP: 15/15 MP: 4/6
   791 | D:2      | Reached XP level 3. HP: 19/19 MP: 2/7
   824 | D:2      | Reached skill level 1 in Transmutations
   837 | D:2      | Slain by a gnoll

Levels and vault maps discovered:
D:1:      erik_arrival_blinker_ship, layout_basic, minmay_misc_feat_rows
D:2:      cheibrodos_helix_gallery, layout_rooms

Skill      XL: |  1  2  3 |
---------------+----------+-----
Transmutations | 1 |  1.1
Dodging        | |  2.4
Stealth        | |  2.1
Spellcasting   | |  2.6
Poison Magic   | |  3.6

Action                   || total
-------------------------++-------
Melee: Short sword       ||    18
       Kick              ||     4
 Cast: Sting             ||    32
  Use: Scroll            ||     4
Armor: Robe              ||     9
Dodge: Dodged            ||    21

Table legend:
 A = Non-vault XP
 B = Vault XP
 C = Vault XP percentage of total XP
 D = Non-vault monster count
 E = Vault monster count
 F = Vault count percentage of total count
                 A         B        C        D         E       F
            +---------+---------+-------+---------+---------+-------
      Total |      65 |       0 |   0.0 |      20 |       0 |   0.0
            +---------+---------+-------+---------+---------+-------
        D:1 |      24 |       0 |   0.0 |      11 |       0 |   0.0
        D:2 |      41 |       0 |   0.0 |       9 |       0 |   0.0
            +---------+---------+-------+---------+---------+-------
